 Dungeon Crawl Stone Soup version 0.29-a0-1008-g949cc1d0fb (webtiles) character file.

Game seed: 2593829975523074086

180 xian the Ducker (level 5, -1/38 HPs)
             Began as a Barachi Wanderer on Aug 7, 2022.
             Killed by divine providence
             ... invoked by an orc priest
              (13 damage)
             ... on level 4 of the Dungeon.
             The game lasted 00:07:21 (2501 turns).

xian the Ducker (Barachi Wanderer)                  Turns: 2501, Time: 00:07:21

Health: -1/38      AC:  7    Str: 15    XL:     5   Next: 60%
Magic:  5/5        EV: 13    Int: 10    God:
Gold:   150        SH:  0    Dex: 14    Spells: 4/4 levels left

rFire   . . .      SeeInvis .   a - +0 spear
rCold   . . .      Faith    .   c - +0 buckler
rNeg    . . .      Spirit   .   b - +2 leather armour
rPois   .          Reflect  .   (no helmet)
rElec   .          Harm     .   (no cloak)
rCorr   .          Rampage  .   l - +1 pair of gloves
Will    .....                   (no boots)
Stlth   +.........              (no amulet)
HPRegen 0.12/turn               p - ring of wizardry
MPRegen 0.09/turn               (no ring)

@: confused, slow
A: amphibious, slowness 1, strong legs 1, +LOS
a: Hop


You were on level 4 of the Dungeon.
You visited 1 branch of the dungeon, and saw 5 of its levels.

You collected 150 gold pieces.

Inventory:

Hand Weapons
 a - a +0 spear (weapon)
Missiles
 n - 4 atropa-tipped darts (quivered)
Armour
 b - a +2 leather armour (worn)
 c - a +0 buckler (worn)
 l - a +1 pair of gloves (worn)
Jewellery
 p - a ring of wizardry (left hand)
Scrolls
 f - 2 scrolls of silence
 g - a scroll of noise {unknown}
Potions
 d - a potion of heal wounds
 e - a potion of lignification {unknown}
 h - a potion of might
 i - a potion of resistance {unknown}
 j - a potion of haste
 k - a potion of degeneration {unknown}
 m - 4 potions of curing
 o - 2 potions of mutation


   Skills:
 + Level 1.9 Fighting
 + Level 3.8 Polearms
 + Level 0.2 Throwing
 + Level 3.1 Armour
 + Level 5.2 Dodging
 + Level 0.6 Stealth
 + Level 1.8 Shields
 + Level 1.1 Evocations


You had 4 spell levels left.
You didn't know any spells.
Your spell library contained the following spells:

 Spells                   Type           Power      Damage    Failure   Level
 Confusing Touch          Hex            0%         N/A       56%         3
 Stone Arrow              Conj/Erth      0%         3d7       56%         3
 Animate Armour           Summ/Erth      0%         N/A       91%         4
 Yara's Violent Unravell  Hex/Tmut       0%         3d3       99%         5
 Enfeeble                 Hex            0%         N/A       100%        7
 Malign Gateway           Summ/Tloc      0%         N/A       100%        7
 Lehudib's Crystal Spear  Conj/Erth      0%         10d2      100%        8
 Summon Horrible Things   Summ           0%         N/A       100%        8


Dungeon Overview and Level Annotations

Branches:
Dungeon (5/15)
 Temple: D:4-7

Altars:
Sif Muna
Vehumet
Yredelemnul


Innate Abilities, Weirdness & Mutations

You are amphibious.
You cover ground slowly.
You can hop short distances.
You have an extended range of vision and can be seen from far away.


Message History

Things that are here:
a scorpion corpse; a hound corpse
n - 4 atropa-tipped darts (gained 2)
You hear the slow hiss of a very distant avalanche of sand.
Things that are here:
a scorpion corpse; a hound corpse
There is a stone staircase leading up here.
Found a scroll labelled BUH BETHREING.
Found 11 gold pieces.
g - a scroll labelled BUH BETHREING
Found a gnarled runed staff.
Found a dagger.
You feel a little less mighty now.
You now have 150 gold pieces (gained 11).
Found a long sword.
You see here a staff of earth.
You hear the slow hiss of a distant avalanche of sand.
Found 15 gold pieces.
An orc and an orc priest come into view.
The orc priest shouts!
The orc shouts!
You hear a shout!
An orc wizard comes into view. It is wielding a +0 dagger.
Found 16 gold pieces.
You hear a shout!
An orc comes into view. It is wielding a +0 hand axe.
The orc priest begins to cast a cantrip, but forgets the words!
You see here 15 gold pieces.
The orc wizard casts a spell.
The orc wizard flickers and vanishes!
Deactivating autopickup; reactivate with Ctrl-A.
A hobgoblin comes into view.
You are confused.
A puff of flame appears from out of thin air!
The puff of flame misses you.
A magic dart appears from out of thin air!
The magic dart hits you!
A puff of flame appears from out of thin air!
The puff of flame misses you.
The orc priest invokes the aid of Beogh against you.
Beogh smites you!
You die...

... #. #oo..#
....##.##.##.#
#........##.#.#
...###.........#
###..###### #..#
######..# #.......#
....###.#@# #
##.###.# ######.##
#.##.#.. #.....##
#.#.#.# ###
#...##.# ##.##.#.##
#.. #...# #.# #.##
... #.# #...#
#.#..... ..# #.#
#...#
#.#.##.##.#######.#
#...#
##.##....#.......#


You could see an orc priest and an orc.

Vanquished Creatures
  A scorpion (D:4)
  A hound (D:4)
  An orc priest (D:3)
  2 adders (D:3)
  2 dart slugs
  2 orcs (D:3)
  5 bats
  2 endoplasms
  5 goblins
  3 hobgoblins
  2 quokkas
  4 ball pythons
  4 frilled lizards
  2 kobolds
  6 rats
42 creatures vanquished.

Notes
Turn   | Place    | Note
-------+----------+-------------------------------------------
     0 | D:1      | xian the Barachi Wanderer began the quest for the Orb.
     0 | D:1      | xian set off with the following items: a +0 spear, a +2
                  | leather armour, a +0 buckler, a potion of heal wounds.
     0 | D:1      | Reached XP level 1. HP: 13/13 MP: 1/1
   180 | D:1      | Reached XP level 2. HP: 17/20 MP: 2/2
  1089 | D:2      | Reached XP level 3. HP: 24/25 MP: 3/3
  1103 | D:2      | Reached skill level 1 in Fighting
  1480 | D:2      | Found a faded altar of an unknown god.
  1709 | D:3      | Reached XP level 4. HP: 24/32 MP: 4/4
  2246 | D:3      | Found a shimmering blue altar of Sif Muna.
  2250 | D:3      | Found a basalt altar of Yredelemnul.
  2255 | D:3      | Found a radiant altar of Vehumet.
  2308 | D:3      | You fall into a shaft and drop 2 floors!
  2308 | D:5      | Entered Level 5 of the Dungeon
  2392 | D:4      | Noticed a scorpion
  2402 | D:4      | Reached skill level 5 in Dodging
  2402 | D:4      | Reached XP level 5. HP: 26/38 MP: 5/5
  2501 | D:4      | Killed from afar by an orc priest

Illustrated notes

Levels and vault maps discovered:
D:1:      arrival_zaba_pyramid, layout_loops_ring
D:2:      layout_rooms, shapermc_ecumenical_altar_totnotflames
D:3:      layout_loops_corners, grunt_temple_overflow_diamond,
          nicolae_qazlal_style_of_elements, tgw_fedhas
D:4:      layout_loops_cross, general_overflow_altar, serial_glass,
          glass_columns_a, glass_columns_b, feat_on_display,
          minmay_strange_pillars, enter_ossuary_2
D:5:      layout_layer_cave

Skill      XL: |  1  2  3  4  5 |
---------------+----------------+-----
Fighting       | 1 |  1.9
Polearms       | 3 |  3.8
Dodging        | 5 |  5.2
Armour         | 3 |  3.1
Throwing       | |  0.2
Stealth        | |  0.6
Shields        | |  1.8
Evocations     | |  1.1

Action                   |  1- 3 |  4- 6 || total
-------------------------+-------+-------++-------
Melee: Spear             |   123 |    52 ||   175
Throw: Dart              |       |     7 ||     7
  Use: Scroll            |       |     5 ||     5
       Potion            |       |     1 ||     1
Armor: Leather armour    |    50 |    18 ||    68
Dodge: Dodged            |    92 |    40 ||   132
Block: Buckler           |    28 |     6 ||    34

Table legend: (Time is in decaauts)
 A = Elapsed time spent in this place.
 B = Non-inter-level travel time spent in this place.
 C = Inter-level travel time spent in this place.
 D = Time resting spent in this place.
 E = Time spent auto-exploring this place.
 F = Levels seen in this place.
 G = Mean time per level.
                   A        B        C        D        E       F      G
               +--------+--------+--------+--------+--------+-----+--------+
         Total |   2799 |   2763 |     36 |      0 |   2031 |   5 |  559.8 |
       Dungeon |   2799 |   2763 |     36 |      0 |   2031 |   5 |  559.8 |
               +--------+--------+--------+--------+--------+-----+--------+

Top non-repeatable levels by time:
     D:1: 993 daAuts
     D:2: 852 daAuts
     D:3: 731 daAuts
     D:4: 191 daAuts
     D:5: 30 daAuts
